 Dungeon Crawl Stone Soup version 0.21.1-1-g345015fe64 (webtiles) character file.

282 Knicklaso the Chiller (level 6, -2/53 HPs)
             Began as an Ogre Ice Elementalist on Apr 19, 2018.
             Was an Initiate of Sif Muna.
             Slain by Grinder (8 damage)
             ... while paralysed by Grinder
             ... on level 3 of the Dungeon.
             The game lasted 00:13:02 (3003 turns).

Knicklaso the Chiller (Ogre Ice Elementalist)       Turns: 3003, Time: 00:13:03

Health: -2/53      AC:  3    Str: 13    XL:     6   Next: 28%
Magic:  5/12       EV:  1    Int: 18    God:    Sif Muna [......]
Gold:   86         SH:  0    Dex:  9    Spells: 4/13 levels left

rFire    . . .     SeeInvis .   h - +0 mace
rCold    . . .     Gourm    .   (no shield)
rNeg     . . .     Faith    .   a - +0 robe
rPois    .         Spirit   .   (helmet restricted)
rElec    .         Reflect  .   (no cloak)
rCorr    .         Harm     .   (gloves unavailable)
MR       .....                  (boots unavailable)
Stlth    +.........             (no amulet)
HPRegen  0.17/turn              (no ring)
MPRegen  0.13/turn              (no ring)

@: paralysed, berserk cooldown, very slightly contaminated, slowed, invisible
A: large, unfitting armour, tough skin 1
a: Renounce Religion


You were on level 3 of the Dungeon.
You worshipped Sif Muna.
Sif Muna was noncommittal.
You were not hungry.

You visited 1 branch of the dungeon, and saw 3 of its levels.

You collected 86 gold pieces.

Inventory:

Hand Weapons
 h - a +0 mace (weapon)
Armour
 a - a +0 robe (worn)
 i - a cursed +0 robe
Jewellery
 o - a cursed ring of loudness {unknown}
 p - an uncursed ring of resist corrosion {unknown}
Scrolls
 e - 2 scrolls of identify {unknown}
 f - 2 scrolls of teleportation {unknown}
 g - 3 scrolls of remove curse {unknown}
 n - a scroll of enchant armour {unknown}
Potions
 q - a potion of haste {unknown}
Books
 b - a book of Frost

   Spells                             Type                      Level
   a - Freeze                         Ice                          1
   b - Throw Frost                    Conjuration/Ice              2
   c - Ozocubu's Armour               Charms/Ice                   3
   d - Throw Icicle                   Conjuration/Ice              4
   e - Summon Ice Beast               Ice/Summoning                4
 m - a book of Maledictions

   Spells                             Type                      Level
   a - Corona                         Hexes                        1
   b - Ensorcelled Hibernation        Hexes/Ice                    2
   c - Confuse                        Hexes                        3
   d - Tukima's Dance                 Hexes                        3
   e - Dazzling Spray                 Conjuration/Hexes            3
Comestibles
 c - 3 rations
 d - 5 chunks of flesh


   Skills:
 - Level 1.7 Dodging
 - Level 1.4 Stealth
 + Level 4.4 Spellcasting
 - Level 0.8 Conjurations
 * Level 5.3 Ice Magic


You had 4 spell levels left.
You knew the following spells:

 Your Spells              Type           Power        Failure   Level  Hunger
a - Freeze                Ice            ###.         1%          1    None
b - Throw Frost           Conj/Ice       ###...       6%          2    #......
d - Ensorcelled Hibernat  Hex/Ice        ##....       7%          2    #......
h - Summon Ice Beast      Ice/Summ       ##......     43%         4    ####...


Dungeon Overview and Level Annotations

Branches:
Dungeon (3/15)

Altars:
Sif Muna

Annotations:
D:3 Grinder


Innate Abilities, Weirdness & Mutations

You are too large for most types of armour.
You have tough skin. (AC +1)


Message History

You feel a strong urge to attack something.
You are no longer berserk.
You are exhausted.
You feel yourself slow down.
Grinder blinks!
Grinder hits you.
* * * LOW HITPOINT WARNING * * *
You closely miss Grinder.
Grinder is heavily wounded.
Grinder blinks!
Grinder gestures at you.
You suddenly lose the ability to move!
Grinder says, "Just stop there for a second..."
You feel less wooden.
Your +0 robe unmelds from your body.
Grinder says, "Mostly I couldn't keep them alive."
Grinder gestures at you.
You shrug off the repeated paralysis!
Grinder hits you!
You die...

######### #...!...#
#.......#
###############.5.....#
..............'.@.....+
###############...=...#
#.......# #.......#
#########
###############
#.............#
#.###########.#


You could see Grinder.

Vanquished Creatures
  A black bear (D:3)
  Jessica (D:3)
  An orc wizard (D:2)
  4 gnolls (D:3)
  An adder (D:2)
  4 dart slugs
  4 leopard geckos
  5 orcs
  9 bats
  10 hobgoblins
  13 jackals
  2 quokkas (D:2)
  A frilled lizard (D:3)
  3 goblins (D:1)
  8 kobolds
  6 rats
73 creatures vanquished.

Notes
Turn   | Place    | Note
-------+----------+-------------------------------------------
     0 | D:1      | Knicklaso the Ogre Ice Elementalist began the quest for the Orb.
     0 | D:1      | Reached XP level 1. HP: 16/16 MP: 3/3
   266 | D:1      | Reached skill level 3 in Ice Magic
   382 | D:1      | Reached XP level 2. HP: 24/24 MP: 3/5
   729 | D:1      | Reached XP level 3. HP: 24/31 MP: 0/7
  1626 | D:2      | Reached XP level 4. HP: 31/39 MP: 2/8
  1680 | D:2      | Learned a level 2 spell: Throw Frost
  1685 | D:2      | Learned a level 4 spell: Summon Ice Beast
  1688 | D:2      | Learned a level 2 spell: Ensorcelled Hibernation
  1885 | D:2      | Reached skill level 4 in Ice Magic
  1982 | D:2      | Found a deep blue altar of Sif Muna.
  1985 | D:2      | Became a worshipper of Sif Muna the Loreminder
  2379 | D:3      | Noticed Jessica
  2381 | D:3      | Killed Jessica
  2381 | D:3      | Reached XP level 5. HP: 44/45 MP: 3/10
  2766 | D:3      | Noticed a black bear
  2837 | D:3      | Killed a black bear
  2837 | D:3      | Reached skill level 5 in Ice Magic
  2837 | D:3      | Reached XP level 6. HP: 45/53 MP: 2/12
  2970 | D:3      | Noticed Grinder
  2974 | D:3      | Paralysed by Grinder for 5 turns
  2999 | D:3      | Paralysed by Grinder for 6 turns
  3003 | D:3      | Slain by Grinder

Skill      XL: |  1  2  3  4  5 |
---------------+----------------+-----
Ice Magic      | 3 4 5 |  5.3
Spellcasting   | 3 4 |  4.4
Dodging        | |  1.7
Stealth        | |  1.4
Conjurations   | |  0.8

Action                   |  1- 3 |  4- 6 || total
-------------------------+-------+-------++-------
Melee: Unarmed           |     6 |       ||     6
       Mace              |    25 |    14 ||    39
 Cast: Freeze            |    62 |    58 ||   120
       Throw Frost       |       |    10 ||    10
  Use: Potion            |       |     3 ||     3
 Stab: Sleeping          |     2 |     1 ||     3
  Eat: Chunk             |     2 |     5 ||     7
Armor: Robe              |    17 |    11 ||    28
       Skin              |       |     3 ||     3
Dodge: Dodged            |    44 |    20 ||    64
